 Dungeon Crawl Stone Soup version 0.28.0-47-ge53b351184 (webtiles) character file.

Game seed: 14474614079771283138

242 NinjaNoafa the Cutter (level 5, -8/41 HPs)
             Began as a Demonspawn Monk on May 10, 2022.
             Mangled by Duvessa
             ... wielding a +2 short sword of electrocution
              (11 damage)
             ... on level 3 of the Dungeon.
             The game lasted 00:04:30 (3192 turns).

NinjaNoafa the Cutter (Demonspawn Monk)             Turns: 3192, Time: 00:04:31

Health: -8/41      AC:  2    Str: 11      XL:     5   Next: 81%
Magic:  5/5        EV: 13    Int: 11      God:
Gold:   84         SH:  4    Dex: 17 (18) Spells: 4/4 levels left

rFire   + . .      SeeInvis .   d - +2 dagger (elec)
rCold   . . .      Faith    .   (no shield)
rNeg    . . .      Spirit   .   b - +0 robe
rPois   .          Reflect  .   (no helmet)
rElec   .          Harm     .   (no cloak)
rCorr   .          Rampage  .   (no gloves)
Will    .....                   (no boots)
Stlth   ++........              (no amulet)
HPRegen 0.13/turn               (no ring)
MPRegen 0.09/turn               (no ring)

@: about to teleport
A: hooves 1, large bone plates 1, foul stench 1, deterioration 1, fire
resistance 1, wild magic 1
a: no special abilities


You were on level 3 of the Dungeon.
You visited 1 branch of the dungeon, and saw 4 of its levels.

You collected 84 gold pieces.

Inventory:

Hand Weapons
 d - a +2 dagger of electrocution (weapon)
Missiles
 h - 7 poisoned darts (quivered)
Armour
 b - a +0 robe (worn)
Jewellery
 l - a +6 ring of strength
Scrolls
 c - a scroll of teleportation
 e - a scroll of vulnerability {unknown}
 f - 4 scrolls of identify {unknown}
 g - a scroll of fear {unknown}
 i - a scroll of summoning {unknown}
 j - a scroll of blinking {unknown}
 k - a scroll of enchant weapon {unknown}
Potions
 a - a potion of cancellation


   Skills:
 + Level 3.3 Fighting
 + Level 4.4 Short Blades
 - Level 2.8 Axes
 + Level 3.0 Dodging
 + Level 2.3 Stealth


You had 4 spell levels left.
You didn't know any spells.
Your spell library contained the following spells:

 Spells                   Type           Power      Damage    Failure   Level
 Sandblast                Erth           0%         2d4       43%         1
 Passwall                 Tmut/Erth      0%         N/A       56%         2
 Stone Arrow              Conj/Erth      0%         3d7       78%         3


Dungeon Overview and Level Annotations

Branches:
Dungeon (4/15)
 Temple: D:4-7

Altars:

Shops:
D:1 (

Annotations:
D:3 Dowan, Duvessa


Innate Abilities, Weirdness & Mutations

You have large cloven feet.
You are partially covered in large bone plates. (SH +4)
You may rarely emit foul miasma when damaged in melee.
Your body sometimes deteriorates upon taking damage.
Your flesh is heat resistant. (rF+)
Your spells are a little harder to cast, but a little more powerful.


Message History

The orc is engulfed in dark miasma.
The orc looks even sicker.
The orc seems to slow down.
You kill the orc!
It was a potion of haste.
You feel yourself speed up.
There is a stone staircase leading up here.
You climb upwards.
There is a stone staircase leading down here.
Your extra speed is starting to run out.
You feel yourself slow down.
Key pressed, stopping explore.
HP restored.
Done exploring.
There is a stone staircase leading down here.
You climb downwards.
Duvessa hits you with a +2 short sword of electrocution!
Duvessa barely misses you.
Dowan shouts!
There is a stone staircase leading up, spattered with blood here.
Dowan gestures at Duvessa while chanting.
Duvessa seems to speed up.
Duvessa says, "Beauty is only skin deep, and my weapons penetrate much further than that."
You block Duvessa's attack.
You climb upwards.
There is a stone staircase leading down here.
Okay, then.
As you read the scroll labelled DIMIUN SUAXA, it crumbles to dust.
You feel strangely unstable.
It was a scroll of teleportation.
Duvessa closely misses you. Dowan hits you with a +0 dagger.
You miss Dowan. You kick Dowan.
Dowan is lightly wounded.
Duvessa hits you with a +2 short sword of electrocution!
Dowan hits you with a +0 dagger.
Duvessa hits you with a +2 short sword of electrocution.
You closely miss Dowan. Your kick misses Dowan.
Dowan is lightly wounded.
Duvessa hits you with a +2 short sword of electrocution!
* * * LOW HITPOINT WARNING * * *
Your body deteriorates!
You feel clumsy.
You are electrocuted!
You die...

#..........# #..........#
#..........# #..........#
#############..........#
##.........>##..........#
##...<......).#####.##..#####
#............e.# #..........#
#..........e@..# #........#.#
#....).........###..........#
#............................
#..............##............
##............###............
##............##..........#.
############....#........#.
###.............
#.............


You could see Duvessa (fast) and Dowan.

Vanquished Creatures
  A bullfrog (D:3)
  A bullfrog skeleton (D:3)
  An orc wizard (D:4)
  7 adders
  A worm (D:2)
  2 dart slugs
  2 orcs (D:4)
  3 ball pythons
  7 bats
  An endoplasm (D:3)
  A giant cockroach (D:2)
  5 goblins
  9 hobgoblins
  3 jackals (D:2)
  7 kobolds
  5 frilled lizards
  4 rats
60 creatures vanquished.

Vanquished Creatures (others)
  6 plants (D:2)
6 creatures vanquished.

Grand Total: 66 creatures vanquished

Notes
Turn   | Place    | Note
-------+----------+-------------------------------------------
     0 | D:1      | NinjaNoafa the Demonspawn Monk began the quest for the Orb.
     0 | D:1      | Reached XP level 1. HP: 18/18 MP: 1/1
   389 | D:1      | Gained mutation: You have large cloven feet. [demonic
                  | ancestry]
   389 | D:1      | Reached XP level 2. HP: 24/24 MP: 2/2
   447 | D:1      | Found Qape's Weapon Emporium.
   781 | D:1      | Reached skill level 1 in Short Blades
  1132 | D:2      | Reached skill level 2 in Short Blades
  1132 | D:2      | Gained mutation: You may rarely emit foul miasma when
                  | damaged in melee. [demonic ancestry]
  1132 | D:2      | Reached XP level 3. HP: 28/29 MP: 3/3
  1530 | D:2      | Reached skill level 3 in Short Blades
  1530 | D:2      | Gained mutation: You are partially covered in large bone
                  | plates. (SH +4) [demonic ancestry]
  1530 | D:2      | Reached XP level 4. HP: 20/35 MP: 4/4
  1770 | D:2      | Found a faded altar of an unknown god.
  2351 | D:3      | Noticed a bullfrog
  2355 | D:3      | Killed a bullfrog
  2356 | D:3      | Reached skill level 4 in Short Blades
  2356 | D:3      | Reached XP level 5. HP: 41/41 MP: 5/5
  2880 | D:4      | Gained mutation: Your spells are a little harder to cast,
                  | but a little more powerful. [potion of mutation]
  2880 | D:4      | Gained mutation: Your body sometimes deteriorates upon
                  | taking damage. [potion of mutation]
  2880 | D:4      | Gained mutation: Your flesh is heat resistant. (rF+)
                  | [potion of mutation]
  3187 | D:4      | Noticed Duvessa
  3187 | D:4      | Noticed Dowan
  3192 | D:3      | Mangled by Duvessa

Illustrated notes

Levels and vault maps discovered:
D:1:      minmay_arrival_three_doors, layout_loops_cross, serial_shops,
          nicolae_shop_hallway_plus
D:2:      layout_basic, serial_forest, infiniplex_forest_clump_long,
          infiniplex_forest_clump_curved, infiniplex_forest_straight_4,
          infiniplex_forest_end_1, infiniplex_forest_clump_curved,
          infiniplex_forest_zigzag_2, nicolae_ecumenical_lake_church,
          nrook_loot_triangle
D:3:      layout_rooms, minmay_door_square
D:4:      layout_basic, gammafunk_temple_overflow_claw,
          gammafunk_ghost_nasty_kobolds, grunt_ministairs_13,
          guppyfry_early_orc_mine, uniq_duvessa

Skill      XL: |  1  2  3  4  5 |
---------------+----------------+-----
Short Blades   | 2 3 4 |  4.4
Stealth        | 2 |  2.3
Dodging        | 3 |  3.0
Fighting       | |  3.3
Axes           | |  2.8

Action                   |  1- 3 |  4- 6 || total
-------------------------+-------+-------++-------
Melee: Hand axe          |    10 |       ||    10
       Dagger            |    82 |    72 ||   154
       Kick              |    10 |    16 ||    26
       Punch             |     2 |       ||     2
  Use: Potion            |     1 |     3 ||     4
       Scroll            |       |     1 ||     1
 Stab: Sleeping          |     7 |     3 ||    10
Armor: Robe              |    22 |     9 ||    31
Dodge: Dodged            |    84 |    41 ||   125
Block: Other             |       |    12 ||    12
